 Dungeon Crawl Stone Soup version 0.28.0 (webtiles) character file.

Game seed: 15773349251128548585

16 a3don the Sneak (level 2, -3/13 HPs)
             Began as a Spriggan Enchanter on Feb 14, 2022.
             Slain by a hobgoblin (8 damage)
             ... on level 1 of the Dungeon.
             The game lasted 00:01:13 (691 turns).

a3don the Sneak (Spriggan Enchanter)                 Turns: 691, Time: 00:01:14

Health: -3/13      AC:  2    Str:  4    XL:     2   Next: 41%
Magic:  7/7        EV: 17    Int: 16    God:
Gold:   0          SH:  0    Dex: 15    Spells: 5/7 levels left

rFire   . . .      SeeInvis +   a - +1 dagger
rCold   . . .      Faith    .   (no shield)
rNeg    . . .      Spirit   .   b - +0 robe
rPois   .          Reflect  .   (helmet restricted)
rElec   .          Harm     .   (no cloak)
rCorr   .          Rampage  .   (gloves unavailable)
Will    .....                   (boots unavailable)
Stlth   +++.......              (no amulet)
HPRegen 0.04/turn               (no ring)
MPRegen 0.10/turn               (no ring)

@: very quick
A: very small, no large weapons, unfitting armour, see invisible, speed 3
a: no special abilities


You were on level 1 of the Dungeon.
You visited 1 branch of the dungeon, and saw 1 of its levels.

Inventory:

Hand Weapons
 a - a +1 dagger (weapon)
Armour
 b - a +0 robe (worn)
Potions
 c - a potion of invisibility
 d - a potion of degeneration {unknown}
 e - 2 potions of haste {unknown}


   Skills:
 + Level 1.5 Short Blades
 + Level 3.0 Dodging
 + Level 4.7 Stealth
 + Level 3.0 Spellcasting
 + Level 3.8 Hexes


You had 5 spell levels left.
You knew the following spells:

 Your Spells              Type           Power      Damage    Failure   Level
a - Ensorcelled Hibernat  Hex/Ice        16%        N/A       13%         2

Your spell library contained the following spells:

 Spells                   Type           Power      Damage    Failure   Level
 Confusing Touch          Hex            14%        N/A       12%         3
 Tukima's Dance           Hex            14%        N/A       12%         3
 Dazzling Flash           Conj/Hex       16%        N/A       26%         3


Dungeon Overview and Level Annotations

Branches:
Dungeon (1/15)

Altars:


Innate Abilities, Weirdness & Mutations

You are very small and have problems with some larger weapons.
You are too small for most types of armour.
You have supernaturally acute eyesight. (SInv)
You cover ground extremely quickly. (Speed+++)


Message History

The giant cockroach is heavily wounded.
The giant cockroach misses you. The hobgoblin misses you.
You barely miss the giant cockroach.
The giant cockroach is heavily wounded.
The giant cockroach closely misses you. The hobgoblin misses you.
The giant cockroach completely misses you.
You hit the giant cockroach.
The giant cockroach is almost dead.
The hobgoblin completely misses you.
The giant cockroach bites you but does no damage.
You closely miss the giant cockroach.
The giant cockroach is severely wounded.
The hobgoblin misses you. The giant cockroach misses you.
You hit the giant cockroach.
You kill the giant cockroach!
The quokka twitches its whiskers.
You hit the hobgoblin.
The hobgoblin is moderately wounded.
The hobgoblin misses you. The hobgoblin closely misses you.
You barely miss the hobgoblin.
The hobgoblin is moderately wounded.
The hobgoblin hits you but does no damage.
The hobgoblin closely misses you.
You hit the hobgoblin but do no damage.
The hobgoblin is moderately wounded.
The hobgoblin misses you. x2; The hobgoblin hits you with a +0 mace.
You hit the hobgoblin but do no damage.
The hobgoblin is moderately wounded.
The hobgoblin hits you. The hobgoblin closely misses you.
The hobgoblin hits you with a +0 mace.
You are too injured to fight recklessly!
You are too injured to fight recklessly!
You are too injured to fight recklessly!
You are too injured to fight recklessly!
The hobgoblin misses you. The hobgoblin closely misses you.
The hobgoblin barely misses you.
The hobgoblin hits you but does no damage.
The hobgoblin closely misses you. The hobgoblin hits you with a +0 mace!
Ouch! That really hurt!
You die...

'..........
#...........
#...........
#...........
####...........
#.............
#....ggg......
#.....@#.##########
#######...............
#..............# ####
#..............# ...#
#..............## ##.#
#..............#. #)#
#..............#. ##.#
#..............#. ##.#
#..............#h


You could see 3 hobgoblins.

Vanquished Creatures
  4 giant cockroaches (D:1)
  A goblin (D:1)
  6 jackals (D:1)
  A ball python (D:1)
  A kobold (D:1)
13 creatures vanquished.

Vanquished Creatures (others)
  A fungus (D:1)
1 creature vanquished.

Grand Total: 14 creatures vanquished

Notes
Turn   | Place    | Note
-------+----------+-------------------------------------------
     0 | D:1      | a3don the Spriggan Enchanter began the quest for the Orb.
     0 | D:1      | Reached XP level 1. HP: 9/9 MP: 5/5
   114 | D:1      | Reached XP level 2. HP: 6/13 MP: 6/6
   509 | D:1      | Learned a level 2 spell: Ensorcelled Hibernation
   691 | D:1      | Slain by a hobgoblin

Illustrated notes

Levels and vault maps discovered:
D:1:      dpeg_arrival_prison, layout_basic,
          hellmonk_ecumenical_altar_arch_garden

Skill      XL: |  1  2 |
---------------+-------+-----
Dodging        | 3 |  3.0
Spellcasting   | 3 |  3.0
Short Blades   | |  1.5
Stealth        | |  4.7
Hexes          | |  3.8

Action                   || total
-------------------------++-------
Melee: Dagger            ||    89
 Stab: Sleeping          ||     3
Armor: Robe              ||     9
Dodge: Dodged            ||    92
